 Dungeon Crawl Stone Soup version 0.29.0-15-g675c0067aa (webtiles) character file.

Game seed: 5949935911734960061

7 qw the Sneak (level 2, -9/19 HPs)
             Began as a Gargoyle Delver on Sept 11, 2022.
             Mangled by an iron imp (10 damage)
             ... summoned by Natasha
             ... on level 3 of the Dungeon.
             The game lasted 00:00:10 (569 turns).

qw the Sneak (Gargoyle Delver)                       Turns: 569, Time: 00:00:11

Health: -9/19      AC:  5    Str: 15    XL:     2   Next: 4%
Magic:  2/2        EV: 11    Int: 10    God:
Gold:   3          SH:  0    Dex: 11    Spells: 1/1 levels left

rFire   . . .      SeeInvis .   Y - +0 hand axe
rCold   . . .      Faith    .   (no shield)
rNeg    + . .      Spirit   .   b - +0 leather armour
rPois   inf        Reflect  .   (no helmet)
rElec   +          Harm     .   (no cloak)
rCorr   .          Rampage  .   (no gloves)
Will    .....                   (no boots)
Stlth   +++.......              (no amulet)
HPRegen 0.06/turn               (no ring)
MPRegen 0.08/turn               (no ring)

@: no status effects
A: sickness immunity, AC +2, negative energy resistance 1, electricity
resistance, torment resistance 1, petrification resistance
a: no special abilities


You were on level 3 of the Dungeon.
You visited 1 branch of the dungeon, and saw 3 of its levels.

You collected 3 gold pieces.


Innate Abilities, Weirdness & Mutations

You are immune to sickness and miasma.
Your stone body is resilient. (AC +2)
You are immune to poison.
You resist negative energy. (rN+)
You are resistant to electric shocks. (rElec)
You are resistant to unholy torment.
You are immune to petrification.


   Skills:
 - Level 3.2 Fighting
 + Level 2.4 Axes
 - Level 1.5 Dodging
 - Level 5.4 Stealth


You had one spell level left.
You didn't know any spells.
Your spell library was empty.

Inventory:

Hand Weapons
 Y - a +0 hand axe (weapon)
Armour
 b - a +0 leather armour (worn)
Wands
 g - a wand of digging (3)
Potions
 a - a potion of curing {unknown}
 f - a potion of haste

Dungeon Overview and Level Annotations

Branches:
Dungeon (5/15)
 Temple: D:4-7

Altars:

Annotations:
D:3 Natasha; qw's ghost, weakling GrDe


Message History

The goblin is severely wounded.
The goblin hits you but does no damage.
You closely miss the goblin.
The goblin is severely wounded.
The goblin misses you.
You barely miss the goblin.
The goblin is severely wounded.
The goblin hits you with a +0 dagger.
Natasha casts a spell.
You closely miss the goblin.
The goblin is severely wounded.
The goblin completely misses you.
You closely miss the goblin.
The goblin is severely wounded.
The goblin barely misses you.
You hit the goblin but do no damage.
The goblin is severely wounded.
The goblin hits you with a +0 dagger. The goblin closely misses you.
You hit the goblin.
The goblin is severely wounded.
The goblin hits you but does no damage.
You closely miss the goblin.
The goblin is severely wounded.
The goblin completely misses you.
Natasha casts a spell.
You hit the goblin.
You kill the goblin!
You have reached level 2!
You closely miss the iron imp. The iron imp hits you.
You barely miss the iron imp. The iron imp closely misses you.
You hit the iron imp but do no damage. The iron imp hits you!
Ouch! That really hurt!
You hit the iron imp but do no damage. The white imp puffs mist at you.
The iron imp hits you!
Ouch! That really hurt!
You die...

#..## #### . #..
#...####..#####.. #$h
#.............. #..
##.###..#...## #.. #.#
##.#>### #.. ##.##
#.#.##### .####?.
###...###........
......5##...........#####
#.h5@......######
######.......# #.....#.#
#...%.#.# #....###.#
#...#.# #.# ........# #.#
###...### #.# ##.# #.#


You could see an iron imp (summoned), Natasha and a white imp (summoned).

Vanquished Creatures
  An endoplasm (D:4)
  A giant cockroach (D:3)
  A goblin (D:3)
  2 hobgoblins
  A kobold (D:4)
6 creatures vanquished.

Notes
Turn   | Place    | Note
-------+----------+-------------------------------------------
     0 | D:5      | qw the Gargoyle Delver began the quest for the Orb.
     0 | D:5      | Reached XP level 1. HP: 14/14 MP: 1/1
     0 | D:5      | 0 ||| qw: Version: 0.1-a-118-gb4e7ce6
     0 | D:5      | 0 ||| qw: Game counter: 10416
     0 | D:5      | 0 ||| qw: Always use a shield: true
     0 | D:5      | 0 ||| qw: God list: Okawaru
     0 | D:5      | 0 ||| qw: Allow faded altars: false
     0 | D:5      | 0 ||| qw: Do Orc after D:15 true
     0 | D:5      | 0 ||| qw: Do second Lair branch before Depths: true
     0 | D:5      | 0 ||| qw: Lair rune preference: random
     0 | D:5      | 0 ||| qw: Plans: Normal
     0 | D:5      | 0 ||| PLANNING D:1-11
     0 | D:5      | 0 ||| DROPPING scroll of fog.
     1 | D:5      | 1 ||| DROPPING scroll of magic mapping.
     2 | D:5      | 2 ||| DROPPING scroll of fear.
   295 | D:4      | 295 ||| READING scroll labelled LETHRO IGYTH.
   309 | D:3      | Noticed qw's ghost (weakling GrDe)
   334 | D:3      | 334 ||| Stepping ~*~*~tactically~*~*~ (stealth).
   335 | D:3      | 335 ||| Stepping ~*~*~tactically~*~*~ (stealth).
   336 | D:3      | 336 ||| Stepping ~*~*~tactically~*~*~ (stealth).
   452 | D:3      | Noticed Natasha
   453 | D:3      | 453 ||| Stepping ~*~*~tactically~*~*~ (hiding).
   555 | D:3      | 555 ||| Stepping ~*~*~tactically~*~*~ (hiding).
   560 | D:3      | Noticed an iron imp
   566 | D:3      | Reached XP level 2. HP: 13/19 MP: 2/2
   568 | D:3      | HP: 1/19 [iron imp[Natasha] (10)]
   569 | D:3      | Mangled by an iron imp

Levels and vault maps discovered:
D:3:      layout_loops_ring, grunt_gozag_breadcrumbs, gammafunk_ghost_icy,
          uniq_terence, uniq_natasha
D:4:      layout_layer_cave
D:5:      layout_rooms, minitemple

Skill      XL: |  1 |
---------------+----+-----
Axes           | 2 |  2.4
Fighting       | |  3.2
Dodging        | |  1.5
Stealth        | |  5.4

Action                   || total
-------------------------++-------
Melee: Hand axe          ||    41
  Use: Scroll            ||     1
Armor: Leather armour    ||    15
Dodge: Dodged            ||    20

Table legend:
 A = Non-vault XP
 B = Vault XP
 C = Vault XP percentage of total XP
 D = Non-vault monster count
 E = Vault monster count
 F = Vault count percentage of total count
                 A         B        C        D         E       F
            +---------+---------+-------+---------+---------+-------
      Total |      11 |       0 |   0.0 |       6 |       0 |   0.0
            +---------+---------+-------+---------+---------+-------
        D:3 |       6 |       0 |   0.0 |       3 |       0 |   0.0
        D:4 |       5 |       0 |   0.0 |       3 |       0 |   0.0
            +---------+---------+-------+---------+---------+-------
